 Dungeon Crawl Stone Soup version 0.30.0-5-g1a98f26d00 (webtiles) character file.

Game seed: 9298154266248253670

8 browni3141 the Grasshopper (level 2, 0/25 HPs)
             Began as an Armataur Warper on May 9, 2023.
             Slain by an endoplasm (3 damage)
             ... on level 1 of the Dungeon.
             The game lasted 00:00:21 (197 turns).

browni3141 the Grasshopper (Armataur Warper)         Turns: 197, Time: 00:00:22

Health: 0/25       AC:  4    Str: 16    XL:     2   Next: 0%
Magic:  4/4        EV:  9    Int: 13    God:
Gold:   2          SH:  0    Dex:  9    Spells: 4/4 levels left

rFire   . . .        a - +0 short sword
rCold   . . .        (no shield)
rNeg    . . .        b - +0 leather armour
rPois   .            (no helmet)
rElec   .            (no cloak)
rCorr   .            (no gloves)
SInv    .            (no barding)
Will    .....        (no amulet)
Stlth   +            (no ring)
HPRegen 0.24/turn    (no ring)
MPRegen 0.09/turn

%: roll
@: no status effects
A: large, rugged brown scales 3, deformed body, armoured tail, roll, long
tongue, awkward tongue
a: no special abilities


You were on level 1 of the Dungeon.
You visited 1 branch of the dungeon, and saw 1 of its levels.

You collected 2 gold pieces.

Inventory:

Hand Weapons
 a - a +0 short sword (weapon)
Missiles
 T - 7 boomerangs of dispersal (quivered)
Armour
 b - a +0 leather armour (worn)
Scrolls
 c - a scroll of blinking
 V - a scroll of magic mapping {unknown}
 W - a scroll of enchant armour {unknown}
Potions
 U - a potion of berserk rage {unknown}


   Skills:
 - Level 1.7 Fighting
 - Level 1.7 Short Blades
 - Level 0.8 Throwing
 - Level 1.2 Armour
 - Level 1.3 Dodging
 + Level 2.1 Stealth
 - Level 1.7 Spellcasting
 - Level 3.0 Translocations


You had 4 spell levels left.
You didn't know any spells.
Your spell library contained the following spells:

 Spells                   Type           Power      Damage    Failure   Level
 Blink                    Tloc           16%        N/A       14%         2
 Lesser Beckoning         Tloc           16%        N/A       14%         2
 Teleport Other           Tloc           8%         N/A       28%         3
 Vhi's Electric Charge    Tloc/Air       10%        N/A       45%         3
 Manifold Assault         Tloc           8%         N/A       67%         4


Dungeon Overview and Level Annotations

Branches:
Dungeon (1/15)

Altars:


Innate Abilities, Weirdness & Mutations

You are completely covered in rugged brown scales. (AC +3, +7% HP)
Armour fits poorly on your strangely shaped body.
You have a long armoured tail.
You roll when moving toward enemies. (Rampage)
Your long tongue fully drains potion bottles. (2x potion effects)
Your tongue gives you trouble enunciating. (1.5x scroll delay)


Message History

You hit the goblin.
You kill the goblin!
You roll towards the rat!
You roll towards the rat!
You roll towards the rat!
The helpless rat fails to defend itself.
You puncture the rat!
You kill the rat!
You see here a rat corpse.
Found a stone staircase leading down.
A goblin comes into view. It is wielding a +0 dagger.
The goblin shouts!
A goblin is nearby!
A goblin is nearby!
A goblin is nearby!
You roll towards the goblin!
You roll towards the goblin!
The goblin hits you but does no damage.
You hit the goblin.
You kill the goblin!
A kobold comes into view. It is wielding a +0 short sword.
The kobold shouts!
You hear a shout! x2
Things that are here:
a +0 dagger; a goblin corpse A kobold comes into view.
It is wielding a +0 dagger.
The kobold shouts!
You hear a shout!
An endoplasm comes into view.
The kobold hits you but does no damage.
The endoplasm moves out of view.
You hit the kobold.
Your tail-slap misses the kobold.
The kobold is severely wounded.
You hit the kobold but do no damage.
The kobold is severely wounded.
The kobold barely misses you.
You hit the kobold but do no damage.
The kobold is severely wounded.
The kobold closely misses you.
The endoplasm quivers.
You hit the kobold but do no damage.
The kobold is moderately wounded.
The kobold closely misses you. The kobold hits you but does no damage.
You completely miss the kobold.
The kobold is moderately wounded.
The kobold hits you but does no damage. x2
You closely miss the kobold. The kobold hits you but does no damage.
The kobold hits you with a +0 dagger.
You barely miss the kobold.
Your tail-slap misses the kobold.
The kobold is moderately wounded.
The kobold hits you but does no damage. x2
You hit the kobold but do no damage.
Your tail-slap misses the kobold.
The kobold is moderately wounded.
The kobold hits you with a +0 short sword.
The endoplasm closely misses you. The kobold hits you but does no damage.
You hit the kobold but do no damage. The kobold barely misses you.
The endoplasm hits you but does no damage.
The kobold hits you with a +0 dagger.
You hit the kobold but do no damage.
The kobold is moderately wounded.
The kobold closely misses you. The kobold barely misses you.
The endoplasm hits you but does no damage.
You hit the kobold.
The kobold is severely wounded.
You hit the kobold.
You kill the kobold!
The kobold hits you but does no damage. The endoplasm freezes you.
You are frozen.
You are too injured to fight recklessly!
You are too injured to fight recklessly!
You barely miss the kobold. The kobold hits you but does no damage.
The endoplasm barely misses you.
You hit the kobold.
The kobold is severely wounded.
The kobold hits you with a +0 dagger. The endoplasm freezes you.
You are frozen.
You closely miss the kobold.
The kobold is severely wounded.
The endoplasm freezes you.
You are frozen.
* * * LOW HITPOINT WARNING * * *
The kobold completely misses you.
You barely miss the kobold. You tail-slap the kobold.
You kill the kobold!
The endoplasm hits you but does no damage.
Your Stealth skill increases to level 2!
You have reached level 2!
You hit the endoplasm but do no damage.
The endoplasm hits you but does no damage.
You barely miss the endoplasm. The endoplasm freezes you.
You are frozen.
* * * LOW HITPOINT WARNING * * *
You hit the endoplasm.
The endoplasm is moderately wounded.
The endoplasm freezes you.
You are frozen.
* * * LOW HITPOINT WARNING * * *
You hit the endoplasm but do no damage.
The endoplasm is moderately wounded.
The endoplasm hits you.
You die...

#.........# #.#
#.........# #.#
#.........# #.#
#.........# #.# #
#.........##.#!#
#.#............#.#
#...........####)#
............>.).@#
........#.#.....J)..#
######..#.#.........#
######.†#.#...#####.#
#.........#...# .#
#.####..#...... .
#..#....... .
#..#........ .# #.)#
....#


You could see an endoplasm.

Vanquished Creatures
  An endoplasm (D:1)
  3 goblins (D:1)
  A frilled lizard (D:1)
  3 kobolds (D:1)
  A rat (D:1)
9 creatures vanquished.

Notes
Turn   | Place    | Note
-------+----------+-------------------------------------------
     0 | D:1      | browni3141 the Armataur Warper began the quest for the Orb.
     0 | D:1      | Reached XP level 1. HP: 18/18 MP: 3/3
   194 | D:1      | Reached XP level 2. HP: 6/25 MP: 4/4
   197 | D:1      | Slain by an endoplasm

Illustrated notes

Levels and vault maps discovered:
D:1:      psy_arrival_fountain, layout_basic, minmay_tetromino_l2

Skill      XL: |  1 |
---------------+----+-----
Stealth        | 2 |  2.1
Fighting       | |  1.7
Short Blades   | |  1.7
Throwing       | |  0.8
Armour         | |  1.2
Dodging        | |  1.3
Spellcasting   | |  1.7
Translocations | |  3.0

Action                     || total
---------------------------++-------
  Melee: Short sword       ||    33
         Tailslap          ||     2
   Stab: Sleeping          ||     2
 Armour: Leather armour    ||    19
  Dodge: Dodged            ||     9
